 Dungeon Crawl Stone Soup version 0.31.0-11-ge490571c62 (webtiles) character file.

Game seed: 11457939842420230083

126 PaiMei the Digger (level 5, -4/30 HPs)
             Began as a Gargoyle Earth Elementalist on Jan 27, 2024.
             Slain by a ribbon worm (7 damage)
             ... on level 2 of the Dungeon.
             The game lasted 00:02:37 (1630 turns).

PaiMei the Digger (Gargoyle Earth Elementalist)     Turns: 1630, Time: 00:02:38

Health: -4/30      AC:  6    Str: 12    XL:     5   Next: 9%
Magic:  0/9        EV: 12    Int: 17    God:
Gold:   108        SH:  0    Dex: 10    Spells: 8/9 levels left

rFire   . . .        c - +0 spear
rCold   . . .        (no shield)
rNeg    + . .        a - +0 robe
rPois   ∞            (no helmet)
rElec   +            (no cloak)
rCorr   .            (no gloves)
SInv    .            (no boots)
Will    .....        (no amulet)
Stlth   ++           (no ring)
HPRegen 0.25/turn    (no ring)
MPRegen 0.11/turn

%: no passive effects
@: no status effects
A: sickness immunity, AC +4, negative energy resistance 1, electricity
resistance, torment resistance 1, petrification resistance
a: no special abilities


You were on level 2 of the Dungeon.
You visited 1 branch of the dungeon, and saw 2 of its levels.

You collected 108 gold pieces.

Inventory:

Hand Weapons
 c - a +0 spear (weapon)
Missiles
 j - 19 stones
Armour
 a - a +0 robe (worn)
Scrolls
 d - 2 scrolls of enchant armour {unknown}
 e - a scroll of poison {unknown}
 f - a scroll of revelation {unknown}
 g - a scroll of teleportation {unknown}
 h - 2 scrolls of fog {unknown}
 i - a scroll of noise {unknown}
Potions
 b - a potion of magic


   Skills:
 + Level 2.0 Fighting
 + Level 2.4 Dodging
 - Level 2.3 Stealth
 + Level 2.8 Spellcasting
 - Level 1.3 Conjurations
 + Level 4.5 Earth Magic


You had 8 spell levels left.
You knew the following spells:

 Your Spells              Type           Power      Damage    Failure   Level
a - Sandblast             Erth           34%        2d9       2%          1

Your spell library contained the following spells:

 Spells                   Type           Power      Damage    Failure   Level
 Passwall                 Erth           17%        N/A       9%          3
 Stone Arrow              Conj/Erth      24%        3d8       16%         3
 Lesser Beckoning         Tloc           4%         N/A       26%         2
 Gell's Gravitas          Tloc           2%         N/A       47%         3
 Teleport Other           Tloc           2%         N/A       47%         3
 Brom's Barrelling Bould  Conj/Erth      12%        2d4       47%         4
 Petrify                  Alch/Erth      10%        N/A       56%         4


Dungeon Overview and Level Annotations

Branches:
Dungeon (2/15)

Altars:


Innate Abilities, Weirdness & Mutations

You are immune to sickness and miasma.
Your stone body is resilient. (AC +4)
You are immune to poison.
You resist negative energy. (rN+)
You are resistant to electric shocks. (rElec)
You are resistant to unholy torment.
You are immune to petrification.


Message History

You kill the endoplasm!
Casting: Sandblast (safe; 2% risk of failure)
Confirm with . or Enter, or press ? or * to list all spells.
Aiming: Sandblast (safe; 2% risk of failure)
Press: ? - help, Shift-Dir - straight line, f - kobold
Aim: a kobold, wielding a +0 short sword and quivering stones (77% to hit)
The blast of sand hits the kobold!
You kill the kobold!
The ribbon worm expels a string of sticky webbing.
The stream of webbing hits you but does no damage.
You are caught in a web!
The web tears apart.
Casting: Sandblast (safe; 2% risk of failure)
Confirm with . or Enter, or press ? or * to list all spells.
Aiming: Sandblast (safe; 2% risk of failure)
Press: ? - help, Shift-Dir - straight line, f - ribbon worm
Aim: a ribbon worm (94% to hit)
The blast of sand hits the ribbon worm.
The ribbon worm is moderately wounded.
The ribbon worm bites you.
* * * LOW HITPOINT WARNING * * *
Casting: Sandblast (safe; 2% risk of failure)
Confirm with . or Enter, or press ? or * to list all spells.
You don't have enough magic to cast this spell.
Casting: Sandblast (safe; 2% risk of failure)
Confirm with . or Enter, or press ? or * to list all spells.
You don't have enough magic to cast this spell.
Casting: Sandblast (safe; 2% risk of failure)
Confirm with . or Enter, or press ? or * to list all spells.
You don't have enough magic to cast this spell.
Casting: Sandblast (safe; 2% risk of failure)
Confirm with . or Enter, or press ? or * to list all spells.
You don't have enough magic to cast this spell.
Casting: Sandblast (safe; 2% risk of failure)
Confirm with . or Enter, or press ? or * to list all spells.
You don't have enough magic to cast this spell.
You completely miss the ribbon worm. You punch the ribbon worm.
The ribbon worm is heavily wounded.
The ribbon worm bites you!
You die...

###g####....##.........
...#..#.#...'.....h# #.#..#.#
#......# #....#.# #......# ##
####.#....# #..##### ##### #.
......>.^.#####..# #######...#
#. #.....#.# #.....#
#.......#.# #) ##.#.##.#
#.#$#####.......#.# #. #
#...g###.#)w@..........#.# #.
#####....#.##....##'####'###.
#.####.##.....).# #...##.
#.#####.# ####....(### #...##.
#.......# #.....# #...##.
#######.#######.....#####....).
#.....)..........##......
####..##########.##...... #..#
######.##.....#


You could see a ribbon worm.

Vanquished Creatures
  Jessica (D:2)
  3 gnolls (D:2)
  An adder (D:2)
  3 dart slugs
  A ribbon worm (D:2)
  4 endoplasms
  3 giant cockroaches
  4 goblins
  5 hobgoblins
  3 jackals (D:2)
  2 quokkas (D:1)
  3 ball pythons
  2 bats (D:1)
  3 frilled lizards
  9 kobolds
  6 rats
53 creatures vanquished.

Notes
Turn   | Place    | Note
-------+----------+-------------------------------------------
     0 | D:1      | PaiMei the Gargoyle Earth Elementalist began the quest for
                  | the Orb.
     0 | D:1      | Reached XP level 1. HP: 10/10 MP: 3/3
    92 | D:1      | Reached XP level 2. HP: 15/15 MP: 5/5
   386 | D:1      | Reached skill level 4 in Earth Magic
   397 | D:1      | Reached XP level 3. HP: 20/20 MP: 6/6
   450 | D:1      | Reached skill level 1 in Fighting
   721 | D:2      | Noticed Jessica
   727 | D:2      | Killed Jessica
   728 | D:2      | Reached XP level 4. HP: 19/25 MP: 5/7
  1618 | D:2      | Reached XP level 5. HP: 9/30 MP: 6/9
  1630 | D:2      | Slain by a ribbon worm

Illustrated notes

Levels and vault maps discovered:
D:1:      lemuel_arrival_funnel, layout_rooms, hex_intersection,
          minmay_pentomino_o4
D:2:      layout_basic, hellmonk_ecumenical_altar_heavens_door, chequers_jeans,
          uniq_jessica

Skill      XL: |  1  2  3  4 |
---------------+-------------+-----
Earth Magic    | 4 |  4.5
Fighting       | 1 2 |  2.0
Dodging        | 2 |  2.4
Stealth        | |  2.3
Spellcasting   | |  2.8
Conjurations   | |  1.3

Action                     |  1- 3 |  4- 6 || total
---------------------------+-------+-------++-------
  Melee: Spear             |    97 |    49 ||   146
         Punch             |       |     1 ||     1
   Cast: Sandblast         |     4 |    18 ||    22
   Stab: Distracted        |       |     1 ||     1
         Sleeping          |       |     1 ||     1
 Armour: Robe              |    51 |    52 ||   103
  Dodge: Dodged            |    74 |    46 ||   120
